 Dungeon Crawl Stone Soup version 0.30-a0-715-gdb4ae3ece1 (webtiles) character file.

Game seed: 10653959979562715598

133623 MackTheKnife the Severer (level 16, -3/141 HPs)
             Began as a Vampire Wanderer on Jan 22, 2023.
             Was an Elder of Ashenzari.
             Slain by a naga warrior
             ... wielding a +0 flail
              (11 damage)
             ... on level 2 of the Snake Pit on Jan 23, 2023.
             The game lasted 00:57:51 (25133 turns).

MackTheKnife the Severer (Vampire Wanderer)        Turns: 25133, Time: 00:57:51

Health: -3/141     AC: 18    Str: 23    XL:     16   Next: 60%
Magic:  0/29       EV: 26    Int: 21    God:    Ashenzari [****..]
Gold:   1944       SH:  0    Dex: 19    Spells: 12/34 levels left

rFire   + + .      SeeInvis +    O - +10 executioner's axe of Panopticon {pain, rCorr Dex+4, axerare=g, Cun, Melee} (curse)
rCold   + + +      Faith    .    (shield currently unavailable)
rNeg    . . .      Spirit   +    H - +4 skin of Zhor {*Englaciate rC+++ SInv}
rPois   +          Reflect  .    N - +0 helmet "Visionary Trepidation" {Elem, Range} (curse)
rElec   +          Harm     .    b - +0 cloak "Ufaric" {Rampage rF+ rC+ Stlth+}
rCorr   +          Rampage  +    m - +0 pair of gloves of Toth-Mos's Legacy {rPois rF+ Will+ Str+2, Self, Bglg} (curse)
Will    ++...      Clarity  +    r - +2 pair of boots of Ashenzari's Adversity {Cun, Comp} (curse)
Stlth   ++++                     y - amulet of Gywn {Spirit rElec Str+8 Int+2 Dex-2}
HPRegen 0.63/turn                G - ring of the Prescient Oracle {EV+5, Self, Bglg} (curse)
MPRegen 0.21/turn                u - ring "Thunder Perfect Mind" {AC+4, Range, Cun} (curse)

@: healing quickly
A: alive, fangs 3, see invisible, vampiric 2, iridescent scales 1, strong 1,
MP-powered wands
a: Exsanguinate, Renounce Religion, Curse Item, Shatter the Chains


You were on level 2 of the Snake Pit.
You worshipped Ashenzari.
Ashenzari was greatly pleased with you.
You visited 4 branches of the dungeon, and saw 24 of its levels.
You also visited: Sewer, Gauntlet and Ice Cave.

You collected 3084 gold pieces.
You spent 1140 gold pieces at shops.


Innate Abilities, Weirdness & Mutations

Your natural rate of healing is accelerated.
You have razor-sharp teeth.
You have supernaturally acute eyesight. (SInv)
You are afflicted with vampirism and can become a bat while bloodless.
You are partially covered in iridescent scales. (AC +2)
Your muscles are strong. (Str +4, Int/Dex -1)
You expend magic power (3 MP) to strengthen your wands.


   Skills:
 + Level 14.3(17.2) Fighting
 - Level 19.2(20.9) Axes
 - Level 10.0(13.9) Dodging
 - Level 2.7(5.8) Stealth
 - Level 1.1(2.3) Unarmed Combat
 - Level 6.5(9.5) Spellcasting
 - Level 5.2(7.1) Summonings
 - Level 8.7(10.7) Necromancy
 - Level 6.0(8.0) Ice Magic
 - Level 5.2(7.1) Air Magic
 - Level 6.1(8.1) Earth Magic
 - Level 6.0 Evocations


You had 12 spell levels left.
You knew the following spells:

 Your Spells              Type           Power      Damage    Failure   Level
c - Frozen Ramparts       Ice            86%        1d13      1%          3
d - Summon Lightning Spi  Summ/Air       40%        N/A       3%          4
e - Animate Dead          Necr           53%        N/A       1%          4
f - Death Channel         Necr           26%        N/A       13%         6
g - Borgnjor's Vile Clut  Necr/Erth      24%        N/A       4%          5

Your spell library contained the following spells:

 Spells                   Type           Power      Damage    Failure   Level
 Freeze                   Ice            100%       1d10      1%          1
 Summon Small Mammal      Summ           100%       N/A       1%          1
 Cigotuvi's Dreadful Rot  Necr/Pois/Air  70%        N/A       1%          2
 Ozocubu's Armour         Ice            43%        N/A       1%          3
 Dispel Undead            Necr           53%        3d19      1%          4
 Hailstorm                Conj/Ice       27%        3d7       3%          3
 Airstrike                Air            20%        2d(3-19)  3%          4
 Animate Armour           Summ/Erth      84%        N/A       3%          4
 Summon Ice Beast         Ice/Summ       41%        N/A       3%          4
 Kindle Blastsparks       Fire/Tloc/Air  40%        2d13      7%          3
 Ice Form                 Ice/Tmut       26%        N/A       13%         4
 Petrify                  Tmut/Erth      27%        N/A       13%         4
 Ignite Poison            Fire/Tmut/Pois 10%        N/A       21%         3
 Freezing Cloud           Conj/Ice/Air   15%        6-21      22%         5
 Simulacrum               Ice/Necr       24%        N/A       22%         6
 Metabolic Englaciation   Hex/Ice        13%        N/A       32%         5
 Lightning Bolt           Conj/Air       12%        1d26      38%         5
 Manifold Assault         Tloc           11%        N/A       50%         4
 Statue Form              Tmut/Erth      18%        N/A       89%         6
 Ozocubu's Refrigeration  Ice            21%        4d12      91%         7
 Dispersal                Tloc           5%         N/A       100%        6
 Malign Gateway           Summ/Tloc      12%        N/A       100%        7
 Disjunction              Tloc           5%         N/A       100%        8
 Summon Horrible Things   Summ           20%        N/A       100%        8

Inventory:

Hand Weapons
 w - a +9 heavy executioner's axe {axerare=g}
   (You took it off Rupert on level 5 of the Lair of Beasts)
 O - the cursed +10 executioner's axe of Panopticon (weapon) {pain, rCorr Dex+4, axerare=g, Cun, Melee}
   (You acquired it on level 3 of the Lair of Beasts)

   Dex:       It affects your dexterity (+4).
   rCorr:     It protects you from acid and corrosion.
   It has a curse which improves the following skills: Cunning: Dodging and
   Stealth.
   Melee Combat: Short Blades, Long Blades, Axes, Maces & Flails, Polearms,
   Staves and Unarmed Combat.
Armour
 b - the +0 cloak "Ufaric" (worn) {Rampage rF+ rC+ Stlth+}
   (You found it in a Gauntlet)

   rF:        It protects you from fire.
   rC:        It protects you from cold.
   Rampage:   It bestows one free step when moving towards enemies.
   Stlth:     It makes you more stealthy.
 m - the cursed +0 pair of gloves of Toth-Mos's Legacy (worn) {rPois rF+ Will+ Str+2, Self, Bglg}
   (You acquired it on level 1 of the Orcish Mines)

   Str:       It affects your strength (+2).
   rF:        It protects you from fire.
   rPois:     It protects you from poison.
   Will:      It increases your willpower.
   It has a curse which improves the following skills: Introspection: Fighting
   and Spellcasting.
   Beguiling: Conjurations, Hexes and Translocations.
 r - the cursed +2 pair of boots of Ashenzari's Adversity (worn) {Cun, Comp}
   (You found it on level 2 of the Dungeon)

   It has a curse which improves the following skills: Cunning: Dodging and
   Stealth.
   Companions: Summonings and Necromancy.
 H - the +4 skin of Zhor (worn) {*Englaciate rC+++ SInv}
   (You found it in a Gauntlet)

   *Englaciate: It radiates cold, occasionally slowing all nearby creatures who
   are not resistant to cold.
   rC:        It renders you almost immune to cold.
   SInv:      It lets you see invisible.
 N - the cursed +0 helmet "Visionary Trepidation" (worn) {Elem, Range}
   (You took it off Robin on level 3 of the Dungeon)

   It has a curse which improves the following skills: Elements: Fire Magic, Ice
   Magic, Air Magic and Earth Magic.
   Ranged Combat: Ranged Weapons and Throwing.
Magical Staves
 e - a staff of conjuration {!a@e2staff}
   (You found it on level 9 of the Dungeon)
 Q - a staff of conjuration {!a@e2staff}
   (You found it on level 15 of the Dungeon)
Jewellery
 k - a +6 ring of dexterity
   (You found it on level 4 of the Lair of Beasts)
 l - a ring of wizardry
   (You found it on level 1 of the Dungeon)
 u - the cursed ring "Thunder Perfect Mind" (right hand) {AC+4, Range, Cun}
   (You found it on level 8 of the Dungeon)

   [ring of protection]

   AC:        It affects your AC (+4).
   It has a curse which improves the following skills: Ranged Combat: Ranged
   Weapons and Throwing.
   Cunning:   Dodging and Stealth.
 y - the amulet of Gywn (around neck) {Spirit rElec Str+8 Int+2 Dex-2}
   (You found it in an ice cave)

   [amulet of guardian spirit]

   It causes incoming damage to be divided between your reserves of health and
   magic.
   Str:       It affects your strength (+8).
   Int:       It affects your intelligence (+2).
   Dex:       It affects your dexterity (-2).
   rElec:     It insulates you from electricity.
 G - the cursed ring of the Prescient Oracle (left hand) {EV+5, Self, Bglg}
   (You found it in an ice cave)

   [ring of evasion]

   EV:        It affects your evasion (+5).
   It has a curse which improves the following skills: Introspection: Fighting
   and Spellcasting.
   Beguiling: Conjurations, Hexes and Translocations.
 M - a ring of flight
   (You found it on level 2 of the Lair of Beasts)
 S - a ring of willpower
   (You found it on level 1 of the Snake Pit)
Wands
 o - a wand of quicksilver (6)
   (You took it off Erolcha on level 1 of the Orcish Mines)
 x - a wand of polymorph (8)
   (You found it on level 8 of the Dungeon)
 E - a wand of flame (33)
   (You took it off Ijyb on level 3 of the Dungeon)
 L - a wand of roots (9)
   (You found it on level 13 of the Dungeon)
Scrolls
 d - 11 scrolls of teleportation {@r4}
 g - 7 scrolls of fog
 j - 5 scrolls of fear
 n - 3 scrolls of immolation {!r!r}
 p - 6 scrolls of amnesia
 v - 3 scrolls of torment {!r}
 z - 4 scrolls of enchant weapon
 F - 6 scrolls of vulnerability {!r!r}
 J - 4 scrolls of magic mapping {!r}
 K - 7 scrolls of poison {!r}
 U - 3 scrolls of enchant armour
 Y - 3 scrolls of butterflies
 Z - a scroll of blinking {!r}
Potions
 a - 8 potions of attraction {!q}
 c - 3 potions of flight
 f - 8 potions of haste {@q3}
 h - 5 potions of curing {@q1}
 i - 8 potions of lignification {!q}
 q - 3 potions of magic
 s - 3 potions of might
 B - 5 potions of mutation {!q}
 D - a potion of ambrosia
 I - 5 potions of brilliance
 R - 2 potions of resistance
 V - 5 potions of heal wounds {@q2}
 W - 5 potions of invisibility
 X - 2 potions of cancellation
Miscellaneous
 t - a box of beasts (inert)
   (You found it on level 5 of the Dungeon)
 A - a phial of floods
   (You found it on level 13 of the Dungeon)
 C - a condenser vane (inert)
   (You found it on level 10 of the Dungeon)
 P - a tin of tremorstones (inert) {throwing}
   (You found it in a Gauntlet)

Dungeon Overview and Level Annotations

Branches:
Dungeon (15/15) Zot: 26047  Temple (0/1) D:7            Lair (5/5) D:9 Zot: 23730
  Swamp (0/4) Lair:2        Snake (2/4) Lair:3 Zot: 10508   Slime (0/5) Lair:4
    Orc (2/2) D:9 Zot: 10556     Elf (0/3) Orc:2        Vaults (0/5) D:14
 Depths (0/4) D:15          Sewer (visited)           IceCv (visited)
Gauntlet (visited)

Altars:
Ashenzari
Cheibriados
Fedhas
Gozag
Hepliaklqana
Kikubaaqudgha
Makhleb
Nemelex Xobeh
Qazlal
Ru
Trog
Uskayaw
Xom
Yredelemnul
Jiyva

Shops:
D:5 (   D:11 *   Orc:1 ?:*:[   Orc:2 (:!?   Snake:1 **   Snake:2 [

Portals:
Trove: D:10 (give 6 scrolls of fear)

Annotations:
D:3 Sigmund
D:5 1 runed translucent door
Lair:5 exclusion: obsidian statue
Snake:2 Vashnia
Orc:2 2 transporters, Domino's ghost, journeyman MiBe

.........#.....* *
* **
#................ *
,*
#.#.........N.... *
, *
................,
,, ,..
#.......§...... *#.
#.§§§§§§.......
***,,..
#.§.§§N§§...... *
##
#.§.§§N§§......,,,,
** ##.>§§@N§:.N...
, ,
##.§§§§§.....#,, #.
######.###### #.#
*.# * #.# .# * *
#.# *.# * ,####.###
*.# , ........ .#
***###.##. * #S...


You could see 2 naga warriors and a naga sharpshooter (strong).


Message History

You hear a shout!
You hear an angry hiss.
You hear a shout! x2
The salamander zombie misses you.
Vashnia shoots an arrow.
The arrow hits you! 😮 HP[-7]
You take 7 damage, and now have 76/141 hp.
Unknown command.
Unknown command.
You slice the salamander zombie!!
You destroy the salamander zombie!
That felt strangely unrewarding.
You hit the naga zombie. The naga zombie misses you.
The naga zombie constricts you.
Okay, then.
You slice the naga zombie like a ripe choko!!!
You destroy the naga zombie!
That felt strangely unrewarding.
Vashnia shoots an arrow.
The arrow hits you!!
* * * LOW HITPOINT WARNING * * *
You hear an angry hiss. 😨 HP[-30] MP[-4]
You take 30 damage, and now have 46/141 hp.
MASSIVE DAMAGE!! (PAUSE)
You lost 4 mp, and now have 7/29 mp.
Unknown command.
A black mamba comes into view.
Unknown command.
As you read the scroll of teleportation {@r4}, it crumbles to dust.
You feel strangely unstable. 😨 HP[+1] Unknown command.
Unknown command.
You rampage towards the black mamba!
The black mamba completely misses you. x2 😨 HP[+1] MP[+1] Unknown command.
Your surroundings suddenly seem different. 2 naga warriors and a naga sharpshooter come into view.
A naga warrior is wielding a +0 flail and wearing a +2 kite shield of cold resistance.
Found a Trismegistus Codex and 19 gold pieces.
Found an escape hatch in the floor.
The naga sharpshooter unwields a +0 dire flail.
The naga sharpshooter wields a +0 shortbow.
The naga sharpshooter shoots an arrow.
The arrow completely misses you.
The naga sharpshooter shoots an arrow.
The arrow hits you!!
* * * LOW HITPOINT WARNING * * *
The naga warrior spits poison at you. The splash of poison misses you.
The naga warrior roars a battlecry!
The nagas go into a battle-frenzy! 😱 HP[-16] MP[-2]
You take 16 damage, and now have 32/141 hp.
You lost 2 mp, and now have 6/29 mp.
Unknown command.
You feel much better.
You radiate an aura of cold.
The naga warrior seems to slow down.
The naga warrior is unaffected.
The naga sharpshooter seems to slow down.
The naga sharpshooter spits poison at you.
The splash of poison hits you. You resist.
* * * LOW HITPOINT WARNING * * *
😨 HP[+27]
You regained 27 hp, and now have 59/141 hp.
Unknown command.
Unknown command.
As you read the scroll of fog, it crumbles to dust.
The scroll dissolves into smoke.
You radiate an aura of cold.
The naga warrior is unaffected. 😨 HP[+1] MP[+1] Unknown command. 😨 HP[+1]
Casting: Summon Lightning Spire (mildly dangerous; 3% risk of failure)
Confirm with . or Enter, or press ? or * to list all spells.
An electric hum fills the air. 😨 HP[+1] MP[-4]
You lost 4 mp, and now have 3/29 mp.
The naga warrior hits your lightning spire with a +0 flail!!
The naga warrior grabs your lightning spire.
The naga warrior constricts your lightning spire.
Unknown command.
Casting: Summon Lightning Spire (mildly dangerous; 3% risk of failure)
Confirm with . or Enter, or press ? or * to list all spells.
You don't have enough magic to cast this spell.
Unknown command.
The naga warrior spits poison at you. The splash of poison misses you.
The naga warrior constricts your lightning spire. 😨 HP[+1] MP[+1] Unknown command.
You slash the naga warrior!
The naga warrior writhes in agony!
The naga warrior hits you with a +0 flail!!
* * * LOW HITPOINT WARNING * * *
The naga warrior constricts your lightning spire.
Your lightning spire is destroyed!
Your lightning spire disappears in a puff of smoke! 😨 HP[-21] MP[-1]
You take 21 damage, and now have 42/141 hp.
You lost 1 mp, and now have 3/29 mp.
Unknown command.
The naga warrior hits you with a +0 long sword!!!
* * * LOW HITPOINT WARNING * * *
The naga warrior completely misses you.
The naga warrior hits you with a +0 flail!
You die...

Skill      XL: |  1  2  3  4  5  6  7  8  9 10 11 12 13 14 15 16 |
---------------+-------------------------------------------------+-----
Stealth        | 2 |  2.7
Summonings     | 4 5 |  5.2
Ice Magic      | 2 3 4 6 |  6.0
Spellcasting   | 2 3 4 6 |  6.5
Air Magic      | 4 5 |  5.2
Dodging        | 5 8 10 | 10.0
Fighting       | 5 6 11 14 | 14.3
Axes           | 2 9 13 15 18 19 | 19.2
Necromancy     | 8 |  8.7
Earth Magic    | 3 6 |  6.1
Evocations     | 6 |  6.0
Unarmed Combat | |  1.1

Action                     |  1- 3 |  4- 6 |  7- 9 | 10-12 | 13-15 | 16-18 || total
---------------------------+-------+-------+-------+-------+-------+-------++-------
  Melee: Dagger            |    35 |       |       |       |       |       ||    35
         Bite              |     8 |     3 |    13 |    29 |   110 |    15 ||   178
         Punch             |     1 |     2 |     2 |     6 |     2 |       ||    13
         Short sword       |    14 |       |       |       |       |       ||    14
         Hand axe          |     5 |    81 |   142 |   188 |   183 |       ||   599
         Executioner's axe |       |       |       |       |   510 |   133 ||   643
   Cast: Summon Small Mamm |    29 |     7 |     1 |       |       |       ||    37
         Summon Ice Beast  |       |     2 |    14 |    14 |     3 |       ||    33
         Frozen Ramparts   |       |     1 |    12 |    20 |     6 |       ||    39
         Summon Lightning  |       |       |    23 |    27 |    22 |     3 ||    75
         Borgnjor's Vile C |       |       |       |    12 |    17 |     3 ||    32
         Animate Dead      |       |       |       |     2 |    13 |     3 ||    18
         Death Channel     |       |       |       |     1 |    13 |     2 ||    16
 Invoke: Curse Item        |       |       |     4 |     3 |     4 |       ||    11
         Shatter the Chain |       |       |       |       |     5 |       ||     5
Ability: Exsanguinate      |       |       |       |       |       |     1 ||     1
         Revivify          |       |       |       |       |       |     1 ||     1
  Evoke: Condenser vane    |       |       |       |     1 |     4 |     1 ||     6
         Box of beasts     |       |       |       |     1 |     1 |     1 ||     3
         Wand              |       |       |       |     1 |       |       ||     1
         Tin of tremorston |       |       |       |       |     3 |     2 ||     5
    Use: Potion            |       |       |     1 |     1 |     1 |     2 ||     5
         Scroll            |       |       |       |     1 |    11 |     2 ||    14
   Stab: Sleeping          |     1 |     6 |    17 |     3 |    18 |     2 ||    47
         Distracted        |       |       |     1 |     5 |    12 |     1 ||    19
         Petrifying        |       |       |       |       |     1 |       ||     1
         Confused          |       |       |       |       |     5 |       ||     5
 Armour: Robe              |    10 |    26 |    51 |    51 |    36 |       ||   174
         Animal skin       |       |       |       |       |   117 |    39 ||   156
  Dodge: Dodged            |    28 |    57 |   119 |   147 |   649 |   158 ||  1158

Levels and vault maps discovered:
D:1:      lightli_arrival_maybe_door_vault, layout_basic,
          ebering_ecumenical_altar_mist
D:2:      layout_basic, amcnicky_mini_rare_corridor_liquid,
          hangedman_decor_diamond_cutter, serial_bayou_pond_d
D:3:      layout_loops_ring, mainiacjoe_overflow_brackets,
          nicolae_hepliaklqana_hazy_memory, lemuel_tele_altar,
          kiku_gazebo_pond_becter, uniq_ijyb, uniq_sigmund, uniq_robin,
          uniq_terence
D:4:      minmay_chambers_of_threes, layout_basic,
          mainiacjoe_overflow_concentric_impassable,
          kennysheep_decorative_pillar
D:5:      lemuel_insect_pit, layout_basic, demons_altar, jmf_multi_god_temple,
          portal_sewer_entry_a, serial_shops, shop_statue
D:6:      layout_gridville, yredelemnul_altar_generic,
          mainiacjoe_overflow_boulevard, minmay_tree_intersection
D:7:      corexii_shantytown, layout_basic, nicolae_ru_the_path_less_chosen,
          lemuel_round_altar, minmay_temple_entry_overgrown, serial_glass,
          glass_columns_a, glass_columns_a, due_unseen_surprise,
          feat_on_display, feat_on_display
D:8:      layout_basic, nicolae_grassy_gnolls
D:9:      layout_rooms, grunt_gozag_breadcrumbs, mainiacjoe_overflow_alcove_1,
          grunt_lair_entry_orc_guard_hut, orc_0_dummy
D:10:     hangedman_cross_veins, layout_basic, mainiacjoe_overflow_24_doors,
          enter_trove_3, uniq_nergalle
D:11:     layout_cross, nicolae_shop_fire_sale [nicolae_sub_dead_trees],
          nicolae_shop_vocational
D:12:     layout_small_grid
D:13:     fort_yaktaur, layout_cave_pools
D:14:     layout_long_grid, ximxim_vaults_locker_room,
          chequers_serial_rivers_large_b, serial_bayou, serial_bayou_lake_a,
          serial_bayou_shore_b, serial_bayou_crossing, serial_bayou_shore_b,
          serial_bayou_shore_b
D:15:     hangedman_depths_entry_try_elsewhere_first, layout_irregular_city,
          solitary_fountain, uniq_kirke, uniq_agnes
Lair:1:   layout_misc_corridors, infiniplex_staircase_pool_2
Lair:2:   layout_gridlike, nicolae_swamp_entry_spooky,
          portal_ice_cave_entry_imps, minivault_11, worms_lemuel, uniq_erica
Lair:3:   layout_loops_ring, nicolae_snake_entry_warm_welcome
Lair:4:   layout_small_grid, slime_entry_1, gauntlet_entry_generic
Lair:5:   due_jungle_book, layout_cellular_growth, chequers_serial_rivers_marsh,
          uniq_rupert
Snake:1:  layout_rooms, nicolae_specific_store, serial_bayou_shore_b,
          grunt_megastairs_2, lemuel_fruit_tree
Snake:2:  layout_rooms, basic_altar, serial_shops, nicolae_diamond_shop,
          grunt_megastairs_4, uniq_vashnia
Orc:1:    layout_diamond_mine, serial_shops, nicolae_shop_stone, shop, shop,
          nicolae_shop_hallway_stairs, shop, uniq_erolcha, uniq_josephine
Orc:2:    st_orc_rangers, layout_diamond_mine, gammafunk_ghost_smash

Notes
Turn   | Place    | Note
-------+----------+-------------------------------------------
     0 | D:1      | MackTheKnife the Vampire Wanderer began the quest for the
                  | Orb.
     0 | D:1      | MackTheKnife set off with the following items: a +0 dagger
                  | {short}, a +0 cloak, a +0 robe, 2 scrolls of teleportation
                  | {@r4}; and the following spell memorised: Summon Small
                  | Mammal; and the following spells available to memorise:
                  | Animate Armour, Summon Ice Beast.
     0 | D:1      | Reached XP level 1. HP: 17/17 MP: 2/2
     0 | D:1      | magus.rc [v1.9.6]
   106 | D:1      | Found a faded altar of an unknown god.
   157 | D:1      | Reached skill level 2 in Stealth
   525 | D:1      | Reached XP level 2. HP: 23/23 MP: 3/3
   959 | D:2      | You pick up a book of Storms and begin reading...
   959 | D:2      | You add the spells Airstrike, Summon Lightning Spire and
                  | Lightning Bolt to your library.
   987 | D:2      | Gained mutation: You are afflicted with vampirism and can
                  | become a bat while bloodless. [Vampire growth]
   987 | D:2      | Reached XP level 3. HP: 13/28 MP: 1/4
  1188 | D:2      | Reached skill level 4 in Summonings
  1326 | D:2      | Identified the +8 hand axe "Dragon's Death Toll" {heavy,
                  | rF+ Dex+4}
  1476 | D:2      | Noticed a necrophage
  1489 | D:2      | Killed a necrophage
  1490 | D:2      | Reached skill level 2 in Ice Magic
  1490 | D:2      | Reached XP level 4. HP: 34/34 MP: 1/5
  1495 | D:2      | Learned a level 4 spell: Summon Ice Beast
  1743 | D:3      | Noticed Terence
  1901 | D:3      | Noticed Sigmund
  1929 | D:3      | Killed Terence
  1930 | D:3      | Reached XP level 5. HP: 36/39 MP: 2/6
  1970 | D:3      | You pick up a book of Frost and begin reading...
  1970 | D:3      | You add the spells Freeze, Frozen Ramparts and Hailstorm to
                  | your library.
  2038 | D:3      | Noticed Ijyb
  2048 | D:3      | Killed Ijyb
  2159 | D:3      | Found an ancient bone altar of Kikubaaqudgha.
  2173 | D:3      | Identified the amulet "Mifry" {rPois Will- Regen+ Int+4
                  | Slay+5}
  2179 | D:3      | Reached skill level 5 in Summonings
  2179 | D:3      | Reached skill level 3 in Ice Magic
  2237 | D:3      | Found a hazy altar of Hepliaklqana.
  2249 | D:3      | Noticed Robin
  2272 | D:3      | Killed Robin
  2415 | D:4      | Noticed a phantom
  2423 | D:4      | Killed a phantom
  2424 | D:4      | Reached skill level 2 in Spellcasting
  2424 | D:4      | Reached XP level 6. HP: 46/46 MP: 4/9
  2428 | D:4      | Learned a level 3 spell: Frozen Ramparts
  2492 | D:4      | Found a blossoming altar of Fedhas.
  2519 | D:4      | Reached skill level 4 in Ice Magic
  3418 | D:4      | Reached skill level 3 in Spellcasting
  3437 | D:4      | Reached XP level 7. HP: 51/51 MP: 11/11
  3610 | D:3      | Found a broken altar of Ashenzari.
  3687 | D:3      | Became a worshipper of Ashenzari the Shackled
  3972 | D:5      | Entered Level 5 of the Dungeon
  3985 | D:5      | Reached skill level 5 in Ice Magic
  3987 | D:5      | Reached skill level 4 in Spellcasting
  4069 | D:5      | HP: 11/51 [water moccasin (4)]
  4127 | D:5      | Found a glowing drain.
  4142 | D:5      | Reached skill level 6 in Ice Magic
  4142 | D:5      | Reached XP level 8. HP: 57/57 MP: 13/15
  4156 | D:5      | Learned a level 4 spell: Summon Lightning Spire
  4157 | Sewer    | Entered a sewer
  4382 | Sewer    | Found a viscous altar of Jiyva.
  4395 | Sewer    | Reached skill level 1 in Air Magic
  4409 | Sewer    | Reached skill level 2 in Dodging
  4670 | D:5      | Found a sparkling altar of Nemelex Xobeh.
  4672 | D:5      | Found a bloodstained altar of Trog.
  4764 | D:5      | You fall into a shaft and drop 2 floors!
  4775 | D:7      | Reached skill level 2 in Air Magic
  4800 | D:7      | Reached skill level 3 in Dodging
  4825 | D:6      | Found a basalt altar of Yredelemnul.
  4849 | D:6      | Reached skill level 3 in Air Magic
  5045 | D:5      | Found Paqigirch's Antique Weapon Shoppe.
  5062 | D:5      | Found a burning altar of Makhleb.
  5085 | D:5      | Reached skill level 4 in Dodging
  5344 | D:5      | Found a runed translucent door.
  5346 | D:5      | Found a runed translucent door.
  5422 | D:5      | Reached skill level 5 in Dodging
  5422 | D:5      | Reached skill level 4 in Air Magic
  5424 | D:5      | Reached XP level 9. HP: 60/62 MP: 9/16
  5425 | D:5      | Reached skill level 5 in Air Magic
  5608 | D:6      | Reached skill level 6 in Dodging
  5612 | D:6      | Reached skill level 3 in Fighting
  5727 | D:6      | Found a shimmering altar of Xom.
  5735 | D:6      | Reached * piety under Ashenzari
  6049 | D:7      | Noticed an unseen horror
  6056 | D:7      | Killed an unseen horror
  6057 | D:7      | Reached skill level 4 in Fighting
  6057 | D:7      | Reached skill level 7 in Dodging
  6228 | D:7      | Found a staircase to the Ecumenical Temple.
  6300 | D:7      | Reached skill level 5 in Fighting
  6360 | D:7      | Reached ** piety under Ashenzari
  6461 | D:7      | Reached skill level 8 in Dodging
  6600 | D:7      | Found a sacrificial altar of Ru.
  6778 | D:7      | Found a hide-covered altar of Uskayaw.
  7470 | D:8      | Reached skill level 1 in Axes
  7587 | D:8      | Reached skill level 2 in Axes
  7778 | D:8      | Reached XP level 10. HP: 73/77 MP: 7/19
  7861 | D:8      | Identified a potion of experience
  7868 | D:8      | You pick up a book of Storms and begin reading...
  7877 | D:8      | Reached skill level 9 in Axes
  7877 | D:8      | Reached XP level 11. HP: 83/83 MP: 20/20
  8072 | D:8      | Reached skill level 9 in Dodging
  8184 | D:8      | You pick up a book of Winter and begin reading...
  8184 | D:8      | You add the spells Ozocubu's Armour, Metabolic Englaciation
                  | and Simulacrum to your library.
  8201 | D:8      | You pick up a book of Unlife and begin reading...
  8201 | D:8      | You add the spells Animate Dead, Borgnjor's Vile Clutch and
                  | Death Channel to your library.
  8267 | D:8      | Reached *** piety under Ashenzari
  8483 | D:8      | Reached skill level 6 in Fighting
  8640 | D:9      | Noticed a two-headed ogre
  8646 | D:9      | Killed a two-headed ogre
  8718 | D:9      | Reached skill level 10 in Dodging
  8764 | D:9      | Found a staircase to the Lair.
  8832 | D:9      | Reached skill level 10 in Axes
  8869 | D:9      | Found an opulent altar of Gozag.
  8926 | D:9      | Found a staircase to the Orcish Mines.
  8998 | D:9      | Reached **** piety under Ashenzari
  9016 | D:9      | Found a snail-covered altar of Cheibriados.
  9128 | D:9      | Noticed a two-headed ogre
  9135 | D:9      | Killed a two-headed ogre
  9136 | D:9      | Reached skill level 11 in Axes
  9359 | D:10     | Entered Level 10 of the Dungeon
  9586 | D:10     | Noticed a wizard
  9596 | D:10     | Killed a wizard
  9597 | D:10     | Reached skill level 12 in Axes
  9641 | D:10     | Noticed a boulder beetle
  9777 | D:10     | Killed a boulder beetle
  9778 | D:10     | Reached skill level 13 in Axes
  9781 | D:10     | Noticed a brown ugly thing
  9783 | D:10     | Noticed a cyan ugly thing
  9785 | D:10     | Reached XP level 12. HP: 84/97 MP: 11/23
  9914 | D:10     | Reached skill level 5 in Spellcasting
  9972 | D:10     | Found a stormy altar of Qazlal.
 10020 | D:10     | Noticed Nergalle
 10034 | D:10     | Killed Nergalle
 10141 | D:10     | Reached skill level 6 in Spellcasting
 10495 | D:10     | Found a portal to a secret trove of treasure.
 10499 | D:10     | This trove needs 6 scrolls of fear to function. Give it the
                  | items?
 10624 | Lair:1   | Entered Level 1 of the Lair of Beasts
 10633 | Lair:1   | magus.rc [v1.9.6]
 10699 | Lair:1   | Learned a level 4 spell: Animate Dead
 10769 | Lair:1   | Noticed a death yak
 10778 | Lair:1   | Noticed a death yak
 10782 | Lair:1   | Killed a death yak
 10783 | Lair:1   | Reached skill level 2 in Necromancy
 10787 | Lair:1   | Killed a death yak
 10788 | Lair:1   | Reached skill level 3 in Necromancy
 10790 | Lair:1   | Reached skill level 4 in Necromancy
 10964 | Lair:1   | Reached skill level 5 in Necromancy
 11372 | Lair:1   | Learned a level 6 spell: Death Channel
 11444 | Lair:2   | Reached skill level 6 in Necromancy
 11456 | Lair:2   | Reached skill level 7 in Necromancy
 11464 | Lair:2   | Reached skill level 8 in Necromancy
 11470 | Lair:2   | Found a frozen archway.
 11559 | IceCv    | Entered an ice cave
 11580 | IceCv    | Learned a level 5 spell: Borgnjor's Vile Clutch
 11643 | IceCv    | Reached skill level 1 in Earth Magic
 11795 | IceCv    | Reached skill level 2 in Earth Magic
 12195 | IceCv    | Noticed an ice dragon
 12212 | IceCv    | Killed an ice dragon
 12213 | IceCv    | Reached skill level 3 in Earth Magic
 12213 | IceCv    | Reached XP level 13. HP: 99/102 MP: 19/26
 12238 | IceCv    | Identified the ring "Hacuty" {Ice *Corrode Will+ MP+9
                  | Str+4}
 12239 | IceCv    | Identified the amulet of Gywn {Spirit rElec Str+8 Int+2
                  | Dex-2}
 12315 | IceCv    | Identified a +0 crystal plate armour of cold resistance
 12321 | IceCv    | Reached skill level 4 in Earth Magic
 12933 | Lair:2   | Noticed Erica
 12944 | Lair:2   | Killed Erica
 12945 | Lair:2   | Reached skill level 5 in Earth Magic
 13031 | Lair:2   | You add the spells Kindle Blastsparks, Ignite Poison and
                  | Freezing Cloud to your library.
 13174 | Lair:2   | Reached skill level 6 in Earth Magic
 13230 | Lair:2   | Reached skill level 1 in Evocations
 13551 | Lair:2   | Reached skill level 2 in Evocations
 13572 | Lair:2   | Reached skill level 3 in Evocations
 13641 | Lair:2   | Found a staircase to the Swamp.
 13992 | D:5      | Bought an iridescent hand axe for 200 gold pieces
 13992 | D:5      | Identified the +4 hand axe "Xeuf" {vamp, rC+ Str+3} (You
                  | bought it in a shop on level 5 of the Dungeon)
 14157 | Lair:3   | You pick up a book of the Tundra and begin reading...
 14211 | Lair:3   | Reached skill level 4 in Evocations
 14373 | Lair:3   | Identified a scroll of acquirement
 14388 | Lair:3   | Reached skill level 5 in Evocations
 14423 | Lair:3   | Reached skill level 6 in Evocations
 14496 | Lair:3   | Acquired the +10 executioner's axe of Giesyu {pain, rCorr
                  | Dex+4}
 14497 | Lair:3   | O - the +10 executioner's axe of Giesyu {pain, rCorr Dex+4,
                  | axerare=g}
 14604 | Lair:3   | Reached skill level 14 in Axes
 14767 | Lair:3   | You pick up a book of Sloth and begin reading...
 14767 | Lair:3   | You add the spells Petrify and Statue Form to your library.
 14872 | Lair:3   | Found a staircase to the Snake Pit.
 15268 | Lair:4   | Found a gate leading to a gauntlet.
 15273 | Gauntlet | Entered a Gauntlet
 15273 | Gauntlet | Identified the +0 cloak "Ufaric" {Rampage rF+ rC+ Stlth+}
 15273 | Gauntlet | Found a transporter.
 15273 | Gauntlet | Found a transporter.
 15273 | Gauntlet | Found a transporter.
 15282 | Gauntlet | Found a transporter.
 15293 | Gauntlet | Found a transporter.
 15307 | Gauntlet | Found a transporter.
 15318 | Gauntlet | Found a transporter.
 15333 | Gauntlet | Found a transporter.
 15339 | Gauntlet | Found a transporter.
 15353 | Gauntlet | Found a transporter.
 15372 | Gauntlet | Found a transporter.
 15375 | Gauntlet | Found a transporter.
 15503 | Gauntlet | Noticed a minotaur
 15514 | Gauntlet | Killed a minotaur
 15522 | Gauntlet | Found the +4 skin of Zhor {*Englaciate rC+++ SInv}
 15522 | Gauntlet | Identified the +2 ring mail of Spring Thaw {rF+ rC- MP+9
                  | Int+6}
 15559 | Lair:4   | magus.rc [v1.9.6]
 15597 | Lair:4   | Reached skill level 15 in Axes
 15608 | Lair:4   | You pick up a book of Decay and begin reading...
 15608 | Lair:4   | You add the spells Cigotuvi's Dreadful Rot and Dispel
                  | Undead to your library.
 16098 | Lair:4   | Found a viscous altar of Jiyva.
 16098 | Lair:4   | Found a staircase to the Slime Pits.
 16139 | Lair:4   | Reached XP level 14. HP: 105/105 MP: 25/25
 16518 | Lair:4   | O - the +10 executioner's axe of Giesyu (weapon) {pain,
                  | rCorr Dex+4, axerare=g}
 16576 | Lair:5   | Entered Level 5 of the Lair of Beasts
 16591 | Lair:5   | Reached skill level 16 in Axes
 16956 | Lair:5   | Your damage rating with the +10 executioner's axe of Giesyu
                  | {pain, rCorr Dex+4, axerare=g} is about 41 (Base 18 x 117%
                  | (Str) x 147% (Skill) + 10 (Ench)).
 17607 | Lair:5   | Reached skill level 17 in Axes
 17687 | Lair:5   | Noticed Rupert
 17696 | Lair:5   | Killed Rupert
 17785 | Lair:5   | w - a +6 executioner's axe of venom {axerare=g}
 17786 | Lair:5   | your +6 executioner's axe of venom {axerare=g} projects an
                  | invisible shield of force!
 17786 | Lair:5   | w - a +6 executioner's axe of protection {axerare=g}
 17787 | Lair:5   | your +6 executioner's axe of protection {axerare=g} is
                  | covered with a thin layer of ice!
 17787 | Lair:5   | w - a +6 executioner's axe of freezing {axerare=g}
 17788 | Lair:5   | your +6 executioner's axe of freezing {axerare=g} is
                  | engulfed in flames!
 17788 | Lair:5   | w - a +6 executioner's axe of flaming {axerare=g}
 17789 | Lair:5   | your +6 executioner's axe of flaming {axerare=g} becomes
                  | incredibly heavy!
 17789 | Lair:5   | w - a +6 heavy executioner's axe {axerare=g}
 18074 | Orc:1    | Entered Level 1 of the Orcish Mines
 18121 | Orc:1    | Found Zoawn's Book Emporium.
 18124 | Orc:1    | Found Hyrokk's Magic Scroll Emporium.
 18136 | Orc:1    | Bought a scroll of fear for 44 gold pieces
 18136 | Orc:1    | Bought a scroll of fear for 44 gold pieces
 18136 | Orc:1    | Bought a scroll of acquirement for 572 gold pieces
 18137 | Orc:1    | Acquired the +0 pair of gloves of the Earth {rPois rF+
                  | Will+ Str+2}
 18219 | Orc:2    | Entered Level 2 of the Orcish Mines
 18313 | Orc:2    | Found a transporter.
 18313 | Orc:2    | Noticed Domino's ghost (journeyman MiBe)
 18379 | Orc:2    | Found a staircase to the Elven Halls.
 18408 | Orc:1    | Found Diegytum's Assorted Antiques.
 18414 | Orc:1    | Identified a +2 robe of the Archmagi
 18414 | Orc:1    | Noticed Josephine
 18421 | Orc:1    | Noticed Erolcha
 18425 | Orc:1    | Killed Erolcha
 18426 | Orc:1    | Killed Josephine
 18441 | Orc:1    | Reached skill level 18 in Axes
 18613 | Orc:1    | Found Gerghoewn's Book Emporium.
 18652 | Orc:1    | Found Vinatrism's Antique Armour Shoppe.
 18907 | Orc:2    | Found Into's Distillery.
 18907 | Orc:2    | Found Faufof's Book Shop.
 18910 | Orc:2    | Found Yfuim's Weapon Boutique.
 18912 | Orc:2    | Found Qujusm's Magic Scroll Emporium.
 18917 | Orc:2    | Bought a scroll of fear for 40 gold pieces
 18925 | Orc:2    | Bought a potion of mutation for 120 gold pieces
 18925 | Orc:2    | Bought a potion of mutation for 120 gold pieces
 18925 | Orc:2    | Gained mutation: You expend magic power (3 MP) to
                  | strengthen your wands. [potion of mutation]
 18925 | Orc:2    | Gained mutation: You are partially covered in iridescent
                  | scales. (AC +2) [potion of mutation]
 18925 | Orc:2    | Gained mutation: Your muscles are strong. (Str +4, Int/Dex
                  | -1) [potion of mutation]
 19006 | Orc:2    | Your damage rating with the +10 executioner's axe of Giesyu
                  | {pain, rCorr Dex+4, axerare=g} is about 46 (Base 18 x 132%
                  | (Str) x 151% (Skill) + 10 (Ench)).
 19088 | Orc:2    | Found a transporter.
 19660 | D:11     | Found Zeett's Fire Supplies.
 19714 | D:11     | Found Xisobet's Vocational Training.
 20051 | D:12     | Reached XP level 15. HP: 89/110 MP: 20/26
 20518 | D:13     | Found the +13 scythe of Curses {drain, curses, Drain}
 20580 | D:13     | Reached skill level 19 in Axes
 21048 | D:13     | Reached skill level 7 in Fighting
 21547 | D:14     | Reached skill level 8 in Fighting
 21547 | D:14     | Upgraded the game from 0.30-a0-711-gf4ac18a38d to
                  | 0.30-a0-715-gdb4ae3ece1
 21547 | D:14     | magus.rc [v1.9.6]
 21811 | D:14     | Found a gate to the Vaults.
 21913 | D:14     | Reached skill level 9 in Fighting
 21913 | D:14     | your +6 heavy executioner's axe {axerare=g} glows red for a
                  | moment.
 21914 | D:14     | your +7 heavy executioner's axe {axerare=g} glows red for a
                  | moment.
 21915 | D:14     | your +8 heavy executioner's axe {axerare=g} glows red for a
                  | moment.
 22080 | D:14     | Your +10 executioner's axe of Giesyu {pain, rCorr Dex+4,
                  | axerare=g} glows black for a moment.
 22392 | D:15     | Entered Level 15 of the Dungeon
 22465 | D:15     | Reached skill level 10 in Fighting
 22761 | D:15     | Noticed Agnes
 22776 | D:15     | Killed Agnes
 22833 | D:15     | Noticed Kirke
 22842 | D:15     | Killed Kirke
 22860 | D:15     | Reached skill level 11 in Fighting
 23064 | D:15     | Found a staircase to the Depths.
 23067 | D:15     | Reached XP level 16. HP: 96/134 MP: 21/29
 23439 | Snake:1  | Entered Level 1 of the Snake Pit
 23470 | Snake:1  | Reached skill level 12 in Fighting
 23799 | Snake:1  | Reached skill level 13 in Fighting
 24107 | Snake:1  | You pick up a book of the Warp and begin reading...
 24107 | Snake:1  | You add the spells Manifold Assault, Dispersal and
                  | Disjunction to your library.
 24156 | Snake:1  | Found Qoar's General Store.
 24158 | Snake:1  | Found Omeen's Specific Store.
 24552 | Snake:2  | Found Neoriaw's Armour Shop.
 24667 | Snake:2  | You add the spells Malign Gateway and Summon Horrible
                  | Things to your library.
 24817 | Snake:2  | Reached skill level 14 in Fighting
 25047 | Snake:2  | Noticed Vashnia
 25123 | Snake:2  | HP: 32/141 [naga sharpshooter/arrow (17)]
 25133 | Snake:2  | HP: 8/141 [naga warrior/+0 long sword (34)]
 25133 | Snake:2  | Slain by a naga warrior

Vanquished Creatures
  Rupert (Lair:5)
  Agnes (D:15)
  Kirke (D:15)
  2 nagarajas (Snake:2)
  3 minotaurs
  2 dire elephants (Lair:5)
  Josephine (Orc:1)
  3 vault guards (D:14)
  An ice dragon (IceCv)
  An ogre mage (D:15)
  Erolcha (Orc:1)
  A ghost crab (Lair:2)
  2 hydras
  Erica (Lair:2)
  6 anacondas
  A catoblepas (Lair:4)
  8 centaur warriors
  5 two-headed ogres
  5 death yaks
  4 boulder beetles
  2 naga warriors
  3 naga sharpshooters
  4 shock serpents
  Nergalle (D:10)
  A spectral anaconda (Lair:5)
  A wizard (D:15)
  A harpy (shapeshifter) (D:14)
  4 mana vipers
  A deep elf pyromancer (D:10)
  4 necromancers (Lair:5)
  2 orc knights (Orc:2)
  A salamander (shapeshifter) (D:15)
  7 cyclopes
  An elephant (shapeshifter) (D:15)
  8 ugly things
  11 elephants
  4 salamanders
  6 manticores
  13 black mambas
  2 ice statues (IceCv)
  A guardian serpent (Snake:1)
  A guardian serpent (shapeshifter) (D:14)
  A naga mage (Snake:1)
  4 torpor snails
  2 dire elephant zombies (Lair:5)
  9 cane toads
  8 yaktaurs (D:13)
  5 rime drakes
  A gargoyle (D:14)
  3 efreet
  3 unseen horrors
  A komodo dragon (Lair:1)
  A tengu conjurer (D:15)
  2 kobold demonologists (D:13)
  7 trolls
  2 polar bears
  6 meliai
  A dream sheep (Lair:2)
  A hornet (shapeshifter) (D:14)
  A spectral elephant (Lair:5)
  13 blink frogs
  9 slime creatures
  A wyvern (Lair:2)
  A black mamba zombie (Snake:2)
  6 wraiths
  4 water elementals (D:14)
  2 vampires
  A slime creature zombie (D:13)
  2 basilisks
  37 yaks
  2 fire elementals (Gauntlet)
  5 humans (D:14)
  A steam dragon (D:6)
  A vampire mosquito (D:13)
  4 hogs (D:15)
  2 swamp worms (Lair:2)
  3 wargs
  8 nagas
  3 acid dragons
  10 water moccasins
  2 hell hounds (Gauntlet)
  An elephant zombie (Lair:5)
  21 orc warriors
  2 ice beasts (D:7)
  6 ogres
  3 wolves (Lair:2)
  11 centaurs
  A phantom (D:4)
  2 kobold brigands
  15 bullfrogs
  A salamander zombie (Snake:2)
  6 necrophages
  3 gnoll sergeants
  A cane toad simulacrum (Lair:5)
  10 scorpions
  10 killer bees
  An elephant simulacrum (Lair:5)
  3 electric eels
  A howler monkey (D:10)
  A lava snake (Lair:3)
  2 jellies
  4 hounds
  6 komodo dragon simulacra (IceCv)
  12 orc priests
  2 gnoll boudas (D:8)
  3 iron imps (D:5)
  3 iguanas
  10 orc wizards
  Terence (D:3)
  A hell rat (Lair:5)
  Ijyb (D:3)
  2 naga zombies (Snake:2)
  Robin (D:3)
  23 gnolls
  A river rat (D:5)
  6 adders
  An orc zombie (Orc:2)
  A shadow imp (D:5)
  4 white imps (Lair:2)
  5 steam dragon simulacra (IceCv)
  4 worms
  3 dart slugs
  47 orcs
  2 bats (D:1)
  9 endoplasms
  10 giant cockroaches
  23 goblins
  15 hobgoblins
  4 jackals (D:4)
  2 quokkas
  12 ball pythons
  4 frilled lizards
  15 kobolds
  5 rats
  2 butterflies (D:5)
649 creatures vanquished.

Vanquished Creatures (collateral kills)
  A hydra (Lair:3)
  A vault guard (D:14)
  3 two-headed ogres
  5 death yaks
  A naga warrior (Snake:1)
  2 naga sharpshooters (Snake:1)
  2 naga ritualists (Snake:1)
  A mana viper (Snake:1)
  2 ugly things (D:15)
  7 elephants
  6 black mambas
  2 guardian serpents
  A torpor snail (Lair:1)
  2 naga magi (Snake:1)
  2 cane toads
  2 rime drakes
  A yaktaur (D:13)
  2 komodo dragons (Lair:2)
  An efreet (D:10)
  A hornet (D:10)
  A spectral dream sheep (Lair:2)
  3 dream sheep (Lair:2)
  A spectral black mamba (Lair:2)
  8 blink frogs
  3 slime creatures
  11 yaks
  2 humans (D:14)
  A spectral komodo dragon (Lair:2)
  2 wyverns (Lair:2)
  A yak (shapeshifter) (D:15)
  A vampire mosquito (D:13)
  A swamp worm (Lair:2)
  A spectral cane toad (Lair:2)
  4 nagas
  An acid dragon (D:13)
  6 water moccasins
  7 orc warriors
  3 ogres
  3 wolves (Lair:2)
  A centaur (D:13)
  2 bullfrogs
  A gnoll sergeant (D:9)
  3 scorpions (D:5)
  5 killer bees
  3 electric eels (D:13)
  3 lava snakes (Lair:3)
  6 komodo dragon simulacra (IceCv)
  A gnoll bouda (D:9)
  An orc priest (D:7)
  A hound (D:6)
  2 jellies (Sewer)
  4 iguanas
  3 hell rats (Lair:5)
  An orc wizard (D:7)
  12 gnolls
  A river rat (Sewer)
  2 acid dragon simulacra (IceCv)
  2 adders
  8 white imps (Lair:2)
  2 steam dragon simulacra (IceCv)
  A worm (D:2)
  7 orcs
  3 ball pythons
  2 endoplasms (Sewer)
  A giant cockroach (Sewer)
  A frilled lizard (Sewer)
  2 goblins
  2 kobolds
  3 rats
  A butterfly (D:5)
192 creatures vanquished.

Vanquished Creatures (others)
  An anaconda zombie (Snake:1)
  A wizard (D:10)
  5 ugly thing zombies (D:15)
  2 guardian serpent zombies
  5 black mamba zombies
  A human (D:14)
  6 slime creature zombies (D:13)
  A yak (Lair:4)
  A two-headed ogre zombie (D:15)
  A cane toad zombie (Lair:5)
  7 blink frog zombies
  2 vampire mosquito zombies (D:13)
  3 naga zombies
  2 water moccasin zombies
  A polar bear zombie (Lair:3)
  A tengu zombie (D:15)
  3 bullfrog zombies
  4 centaur zombies
  2 human zombies (D:14)
  2 acid dragon zombies (D:13)
  2 ogre zombies (D:15)
  A gnoll (D:13)
  13 orc zombies (Orc:2)
  A gnoll zombie (D:11)
  67 fungi
  104 plants
  17 withered plants (Lair:5)
256 creatures vanquished.

Grand Total: 1097 creatures vanquished

Table legend:
 A = Non-vault XP
 B = Vault XP
 C = Vault XP percentage of total XP
 D = Non-vault monster count
 E = Vault monster count
 F = Vault count percentage of total count
                 A         B        C        D         E       F
            +---------+---------+-------+---------+---------+-------
      Total |  121395 |   64030 |  34.5 |     510 |     325 |  38.9
            +---------+---------+-------+---------+---------+-------
        D:1 |      21 |       0 |   0.0 |      14 |       0 |   0.0
        D:2 |     138 |       0 |   0.0 |      14 |       0 |   0.0
        D:3 |      92 |     101 |  52.3 |      20 |      13 |  39.4
        D:4 |     352 |     117 |  24.9 |      20 |      12 |  37.5
        D:5 |     608 |    1075 |  63.9 |      11 |      20 |  64.5
        D:6 |     956 |       0 |   0.0 |      14 |       0 |   0.0
        D:7 |    1287 |      81 |   5.9 |      24 |      32 |  57.1
        D:8 |    3367 |     183 |   5.2 |      34 |       6 |  15.0
        D:9 |    3105 |     488 |  13.6 |      26 |       5 |  16.1
       D:10 |    1027 |    7416 |  87.8 |      10 |      21 |  67.7
       D:11 |    1675 |       0 |   0.0 |      14 |       0 |   0.0
       D:12 |    4754 |       0 |   0.0 |      11 |       0 |   0.0
       D:13 |    6693 |    9961 |  59.8 |      28 |      34 |  54.8
       D:14 |    8449 |    4850 |  36.5 |      19 |      11 |  36.7
       D:15 |   15924 |    6032 |  27.5 |      28 |      10 |  26.3
     Lair:1 |    3625 |       0 |   0.0 |      11 |       0 |   0.0
     Lair:2 |   10440 |    3189 |  23.4 |      42 |      21 |  33.3
     Lair:3 |    6729 |     698 |   9.4 |      16 |       5 |  23.8
     Lair:4 |    7574 |       0 |   0.0 |      30 |       0 |   0.0
     Lair:5 |    9462 |   13658 |  59.1 |      33 |      24 |  42.1
    Snake:1 |   20960 |    1320 |   5.9 |      39 |       2 |   4.9
    Snake:2 |   11499 |     928 |   7.5 |      21 |       2 |   8.7
      Orc:1 |    2154 |    2403 |  52.7 |      23 |       5 |  17.9
      Orc:2 |     504 |    4620 |  90.2 |       8 |      35 |  81.4
      Sewer |       0 |     192 | 100.0 |       0 |      30 | 100.0
      IceCv |       0 |    3812 | 100.0 |       0 |      28 | 100.0
   Gauntlet |       0 |    2906 | 100.0 |       0 |       9 | 100.0
            +---------+---------+-------+---------+---------+-------

Illustrated notes

Table legend:
 A = Kills in this place as a percentage of kills in entire the game.
 B = Kills by you in this place as a percentage of kills by you in the entire game.
 C = Kills by friends in this place as a percentage of kills by friends in the entire game.
 D = Other kills in this place as a percentage of other kills in the entire game.
 E = Experience gained in this place as a percentage of experience gained in the entire game.
 F = Experience gained in this place divided by the number of levels of this place that you have seen.
                   A       B       C       D       E      F
               +-------+-------+-------+-------+-------+----------------------
         Total | 100.0 | 100.0 | 100.0 | 100.0 | 100.0 | 6867.6
       Dungeon |  54.0 |  58.0 |  40.3 |  66.7 |  42.5 | 5250.1
          Lair |  21.8 |  17.8 |  35.1 |  33.3 |  29.9 | 11075.0
     Snake Pit |   7.7 |   7.0 |   9.9 |   0.0 |  18.7 | 17353.5
  Orcish Mines |   8.5 |  10.1 |   3.1 |   0.0 |   5.2 | 4840.5
         Sewer |   3.6 |   3.0 |   5.8 |   0.0 |   0.1 | 192.0
      Ice Cave |   3.4 |   2.7 |   5.8 |   0.0 |   2.1 | 3812.0
      Gauntlet |   1.1 |   1.4 |   0.0 |   0.0 |   1.6 | 2906.0
               +-------+-------+-------+-------+-------+----------------------

Table legend: (Time is in decaauts)
 A = Elapsed time spent in this place.
 B = Non-inter-level travel time spent in this place.
 C = Inter-level travel time spent in this place.
 D = Time resting spent in this place.
 E = Time spent auto-exploring this place.
 F = Levels seen in this place.
 G = Mean time per level.
                   A        B        C        D        E       F      G
               +--------+--------+--------+--------+--------+-----+--------+
         Total |  25462 |  23884 |   1578 |   1870 |  16919 |  27 |  943.0 |
       Dungeon |  14477 |  13448 |   1029 |    572 |  10311 |  15 |  965.1 |
          Lair |   6269 |   5813 |    456 |    576 |   4133 |   5 | 1253.8 |
     Snake Pit |   1490 |   1478 |     12 |    204 |    880 |   2 |  745.0 |
  Orcish Mines |   1443 |   1362 |     81 |     40 |   1049 |   2 |  721.5 |
         Sewer |    502 |    502 |      0 |      2 |    324 |   1 |  502.0 |
      Ice Cave |    995 |    995 |      0 |    430 |    163 |   1 |  995.0 |
      Gauntlet |    283 |    283 |      0 |     46 |     58 |   1 |  283.0 |
               +--------+--------+--------+--------+--------+-----+--------+

Top non-repeatable levels by time:
  Lair:2: 1564 daAuts
     D:7: 1509 daAuts
  Lair:5: 1396 daAuts
  Lair:3: 1341 daAuts
    D:10: 1270 daAuts
     D:8: 1259 daAuts
     D:4: 1259 daAuts
     D:5: 1145 daAuts
    D:13: 1136 daAuts
  Lair:4: 1086 daAuts
     D:3: 1049 daAuts
   IceCv: 995 daAuts
    D:14: 975 daAuts
   Orc:2: 931 daAuts
     D:9: 902 daAuts
